 Dungeon Crawl Stone Soup version 0.21.1-1-g345015f (webtiles) character file.

599 inc the Fighter (level 7, -1/62 HPs)
             Began as a Demonspawn Gladiator on June 16, 2018.
             Was an Initiate of Yredelemnul.
             Slain by Eustachio
             ... wielding a +0 rapier
              (2 damage)
             ... on level 4 of the Dungeon.
             The game lasted 00:06:40 (3704 turns).

inc the Fighter (Demonspawn Gladiator)              Turns: 3704, Time: 00:06:41

Health: -1/62      AC:  6    Str: 14    XL:     7   Next: 17%
Magic:  7/7        EV: 12    Int: 12    God:    Yredelemnul [......]
Gold:   190        SH:  0    Dex: 14    Spells: 6/6 levels left

rFire    . . .     SeeInvis .   a - +0 war axe
rCold    . . .     Gourm    .   (no shield)
rNeg     . . .     Faith    .   b - +0 leather armour
rPois    .         Spirit   .   (helmet restricted)
rElec    .         Reflect  .   (no cloak)
rCorr    .         Harm     .   (no gloves)
MR       .....                  (no boots)
Stlth    ++........             (no amulet)
HPRegen  0.20/turn              (no ring)
MPRegen  0.10/turn              (no ring)

@: confused
A: antennae 2, yellow scales 2, nightstalker 1
a: Renounce Religion


You were on level 4 of the Dungeon.
You worshipped Yredelemnul.
Yredelemnul was noncommittal.
You were not hungry.

You visited 1 branch of the dungeon, and saw 4 of its levels.

You collected 190 gold pieces.

Inventory:

Hand Weapons
 a - a +0 war axe (weapon)
Missiles
 d - 3 throwing nets (quivered)
Armour
 b - a +0 leather armour (worn)
 c - a +0 helmet
 j - a +2 large shield
Scrolls
 g - a scroll of amnesia {unknown}
 h - a scroll of identify
 i - 3 scrolls of remove curse {unknown}
 l - a scroll of enchant armour {unknown}
 m - a scroll of random uselessness {unknown}
 n - a scroll of enchant weapon {unknown}
 p - a scroll of teleportation {unknown}
 r - a scroll of magic mapping {unknown}
Potions
 e - 2 potions of curing {unknown}
 o - a potion of brilliance {unknown}
 q - a potion of ambrosia
 s - 2 potions of flight {unknown}
Comestibles
 f - 3 rations


   Skills:
 - Level 8.0 Fighting
 + Level 2.7 Axes
 - Level 1.7 Throwing
 - Level 2.6 Dodging


You had 6 spell levels left.
You didn't know any spells.

Dungeon Overview and Level Annotations

Branches:
Dungeon (4/15)
 Temple: D:4-7

Altars:
Makhleb
Sif Muna
Vehumet
Wu Jian
Yredelemnul
The Shining One

Annotations:
D:2 Sigmund
D:4 Eustachio


Innate Abilities, Weirdness & Mutations

You have a pair of antennae on your head.
You are mostly covered in yellow scales. (AC +3)
You are slightly more attuned to the shadows.


Message History

Unknown command.
You're too confused to attack without stumbling around!
You're too confused to attack without stumbling around!
You hit the howler monkey but do no damage.
The howler monkey is lightly wounded.
You miss the ufetubus. You slash the adder skeleton!
You destroy the adder skeleton!
Yredelemnul accepts your kill.
You closely miss Eustachio. You miss the river rat.
The ufetubus barely misses you. The ufetubus hits you.
* * * LOW HITPOINT WARNING * * *
The howler monkey closely misses you.
The shadow imp shouts, "Embrace thy doom, thou fawning moldwarp urchin!"
The ufetubus closely misses you. x2; The river rat bites you.
* * * LOW HITPOINT WARNING * * *
The howler monkey hits you.
* * * LOW HITPOINT WARNING * * *
The quokka closely misses you. Eustachio hits you with a rapier.
You die...
Your body rises from the dead as a mindless zombie.

#.....[...# ...
#.........##'##
#.............#
...............#
##.........(....#
#.........)....#
###########.$..#
#rh..# #@5r.#
#@r5.# hr..##
..5..# ......#
........
#.........


You could see Eustachio, a howler monkey, a river rat, 2 shadow imps, an
ufetubus, 2 quokkas, a jackal and a rat.

Vanquished Creatures
  The ghost of tidbits the Grave Robber, an amateur GnNe (D:4)
  Menkaure (D:4)
  An ogre (D:3)
  A howler monkey (D:4)
  Natasha (thrice) (D:3)
  A worker ant (D:4)
  Robin (D:3)
  3 adders
  An ooze (D:3)
  An adder skeleton (D:4)
  A worm (D:3)
  2 dart slugs (D:3)
  A leopard gecko (D:4)
  3 orcs (D:3)
  5 bats
  4 giant cockroaches
  17 goblins
  14 hobgoblins
  4 jackals
  8 kobolds
  3 frilled lizards
  8 rats
84 creatures vanquished.

Notes
Turn   | Place    | Note
-------+----------+-------------------------------------------
     0 | D:1      | inc the Demonspawn Gladiator began the quest for the Orb.
     0 | D:1      | Reached XP level 1. HP: 16/16 MP: 1/1
   236 | D:1      | Gained mutation: You have a pair of small antennae on your head. [demonic ancestry]
   236 | D:1      | Reached XP level 2. HP: 23/23 MP: 2/2
   264 | D:1      | Reached skill level 3 in Fighting
   872 | D:1      | Found a glowing golden altar of the Shining One.
   925 | D:2      | Noticed Sigmund
  1076 | D:2      | Gained mutation: You are partially covered in yellow scales. (AC +2) [demonic ancestry]
  1076 | D:2      | Reached XP level 3. HP: 28/29 MP: 3/3
  1409 | D:3      | Reached skill level 4 in Fighting
  1584 | D:3      | Gained mutation: You are mostly covered in yellow scales. (AC +3) [demonic ancestry]
  1584 | D:3      | Reached XP level 4. HP: 23/38 MP: 4/4
  1675 | D:3      | Noticed Robin
  1686 | D:3      | Killed Robin
  1929 | D:3      | Found an ornate altar of the Wu Jian Council.
  1967 | D:3      | Noticed Natasha
  1982 | D:3      | Killed Natasha
  1982 | D:3      | Reached skill level 5 in Fighting
  2256 | D:3      | Noticed Natasha
  2259 | D:3      | Gained mutation: You have a pair of antennae on your head. [demonic ancestry]
  2259 | D:3      | Reached XP level 5. HP: 39/44 MP: 5/5
  2268 | D:3      | Killed Natasha
  2444 | D:3      | Found a radiant altar of Vehumet.
  2444 | D:3      | Found a basalt altar of Yredelemnul.
  2444 | D:3      | Found a deep blue altar of Sif Muna.
  2625 | D:3      | Noticed an ogre
  2647 | D:3      | Noticed Natasha
  2927 | D:3      | Killed an ogre
  2927 | D:3      | Reached skill level 6 in Fighting
  3065 | D:3      | Killed Natasha
  3065 | D:3      | Reached XP level 6. HP: 42/53 MP: 6/6
  3085 | D:3      | Became a worshipper of Yredelemnul the Dark
  3158 | D:4      | Noticed Menkaure
  3169 | D:4      | Killed Menkaure
  3169 | D:4      | Reached skill level 7 in Fighting
  3382 | D:4      | Found a burning altar of Makhleb.
  3382 | D:4      | Noticed tidbits's ghost (amateur GnNe)
  3410 | D:4      | Killed tidbits's ghost
  3410 | D:4      | Reached skill level 8 in Fighting
  3410 | D:4      | Gained mutation: You are slightly more attuned to the shadows. [demonic ancestry]
  3410 | D:4      | Reached XP level 7. HP: 9/62 MP: 7/7
  3683 | D:4      | Noticed Eustachio
  3704 | D:4      | HP: 1/62 [howler monkey (5)]
  3704 | D:4      | Slain by Eustachio

Skill      XL: |  1  2  3  4  5  6 |
---------------+-------------------+-----
Fighting       | 3 4 5 6 8 |  8.0
Axes           | |  2.7
Throwing       | |  1.7
Dodging        | |  2.6

Action                   |  1- 3 |  4- 6 |  7- 9 || total
-------------------------+-------+-------+-------++-------
Melee: War axe           |    95 |   125 |    17 ||   237
  Use: Scroll            |       |     2 |       ||     2
       Potion            |       |     1 |     1 ||     2
 Stab: Sleeping          |     1 |     2 |       ||     3
  Eat: Chunk             |     2 |     4 |       ||     6
       Ration            |       |     1 |       ||     1
Armor: Leather armour    |    30 |    73 |    22 ||   125
Dodge: Dodged            |    58 |   116 |    82 ||   256
